 Dungeon Crawl Stone Soup version 0.31-a0-214-gb37851dbb3 (webtiles) character file.

Game seed: 13093972043648107254

178 qw the Chopper (level 5, -1/32 HPs)
             Began as a Gargoyle Fighter on July 1, 2023.
             Slain by an orc
             ... wielding a +0 trident
              (3 damage)
             ... on level 3 of the Dungeon.
             The game lasted 00:01:18 (1341 turns).

qw the Chopper (Gargoyle Fighter)                   Turns: 1341, Time: 00:01:18

Health: -1/32      AC: 15    Str: 21    XL:     5   Next: 58%
Magic:  5/5        EV:  9    Int:  9    God:
Gold:   101        SH:  4    Dex:  9    Spells: 4/4 levels left

rFire   . . .        Y - +2 war axe
rCold   . . .        c - +0 buckler
rNeg    + . .        b - +0 scale mail
rPois   inf          m - +0 helmet
rElec   +            n - +2 cloak
rCorr   .            (no gloves)
SInv    .            (no boots)
Will    .....        (no amulet) Stlth
                     (no ring)
HPRegen 0.25/turn    (no ring)
MPRegen 0.09/turn

%: no passive effects
@: no status effects
A: sickness immunity, AC +4, negative energy resistance 1, electricity
resistance, torment resistance 1, petrification resistance
a: no special abilities


You were on level 3 of the Dungeon.
You visited 1 branch of the dungeon, and saw 3 of its levels.

You collected 101 gold pieces.


Innate Abilities, Weirdness & Mutations

You are immune to sickness and miasma.
Your stone body is resilient. (AC +4)
You are immune to poison.
You resist negative energy. (rN+)
You are resistant to electric shocks. (rElec)
You are resistant to unholy torment.
You are immune to petrification.


   Skills:
 + Level 3.2 Fighting
 - Level 5.1 Axes
 - Level 3.2 Armour
 - Level 3.2 Shields


You had 4 spell levels left.
You didn't know any spells.
Your spell library was empty.

Inventory:

Hand Weapons
 i - a +0 flail
 Y - a +2 war axe (weapon)
Armour
 b - a +0 scale mail (worn)
 c - a +0 buckler (worn)
 m - a +0 helmet (worn)
 n - a +2 cloak (worn)
Potions
 a - a potion of resistance {unknown}
 d - a potion of might
 e - a potion of heal wounds {unknown}
 f - a potion of curing
 g - a potion of berserk rage {unknown}
 k - a potion of attraction {unknown}
 l - a potion of enlightenment {unknown}

Dungeon Overview and Level Annotations

Branches:
Dungeon (3/15)

Altars:


Message History

You hit the orc wizard.
The orc wizard is severely wounded.
The orc wizard hits you but does no damage.
The orc hits you but does no damage. The orc priest closely misses you.
The orc wizard hits you but does no damage.
The orc hits you but does no damage.
You miss the orc wizard.
The orc wizard is severely wounded.
You slash the orc priest!
The orc priest hits you but does no damage.
You block the orc wizard's attack.
You hit the orc wizard.
The orc wizard is almost dead.
You hit the orc priest. The orc priest barely misses you.
The orc wizard hits you but does no damage.
You hit the orc wizard.
You kill the orc wizard!
You hit the orc priest. You slash the hobgoblin!
You kill the hobgoblin!
Your Axes skill increases to level 5!
You hit the orc.
The orc is moderately wounded.
The orc priest calls upon Beogh to heal the orc.
The orc's wounds heal themselves!
You block the orc's attack.
You hit the orc but do no damage. You closely miss the orc priest.
The orc priest is almost dead.
You completely miss the orc.
The orc priest looks encouraged for a moment.
The orc completely misses you.
You closely miss the orc priest.
The orc priest is almost dead.
You slash the orc!
You kill the orc!
The orc hits you but does no damage.
The orc priest calls down the wrath of Beogh upon you.
Pain shoots through your body!
The orc hits you from afar with a +0 trident.
You die...

#. .# >... #.#.
... ..# # o.#
#..#.###o.#
#.....<@).#
........#.......
.....####..#####
.... ..# ... .##
## .# .# .#


You could see an orc priest and an orc.

Vanquished Creatures
  Terence (D:2)
  An orc wizard (D:3)
  Robin (D:2)
  3 adders (D:2)
  A worm (D:2)
  4 dart slugs
  2 orcs (D:3)
  8 ball pythons
  3 endoplasms
  2 giant cockroaches (D:1)
  16 goblins
  12 hobgoblins
  A jackal (D:2)
  4 kobolds
  3 quokkas
  7 bats
  3 frilled lizards (D:1)
  4 rats
76 creatures vanquished.

Notes
Turn   | Place    | Note
-------+----------+-------------------------------------------
     0 | D:1      | qw the Gargoyle Fighter began the quest for the Orb.
     0 | D:1      | Reached XP level 1. HP: 14/14 MP: 1/1
     0 | D:1      | 0 ||| qw: Version: 0.3-a-32-g5962c71
     0 | D:1      | 0 ||| qw: Game counter: 7402
     0 | D:1      | 0 ||| qw: Melee chars always use a shield: true
     0 | D:1      | 0 ||| qw: God list: Okawaru
     0 | D:1      | 0 ||| qw: Allow faded altars: false
     0 | D:1      | 0 ||| qw: Do Orc after clearing Dungeon:15 true
     0 | D:1      | 0 ||| qw: Do second Lair branch before Depths: true
     0 | D:1      | 0 ||| qw: Lair rune preference: random
     0 | D:1      | 0 ||| qw: Goals: Normal, Zot:1-4, Slime:5, God:TSO, Crypt,
                  | Tomb, Abyss, Pan, Hells, Win
     0 | D:1      | 0 ||| PLANNING D:1-11
     3 | D:1      | Found a faded altar of an unknown god.
    48 | D:1      | Reached skill level 2 in Axes
    70 | D:1      | 70 ||| Stepping ~*~*~tactically~*~*~ (hiding).
    73 | D:1      | 73 ||| Stepping ~*~*~tactically~*~*~ (hiding).
    75 | D:1      | 75 ||| Stepping ~*~*~tactically~*~*~ (hiding).
   116 | D:1      | 116 ||| Stepping ~*~*~tactically~*~*~ (stealth).
   117 | D:1      | 117 ||| Stepping ~*~*~tactically~*~*~ (stealth).
   127 | D:1      | Reached XP level 2. HP: 18/19 MP: 2/2
   272 | D:1      | Reached skill level 3 in Axes
   277 | D:1      | Reached XP level 3. HP: 23/23 MP: 3/3
   575 | D:1      | 575 ||| READING scroll labelled KIARUBB BIHIUB.
   576 | D:1      | 576 ||| READING scroll labelled XEAG OQYHUA.
   577 | D:1      | 577 ||| READING scroll labelled KAVVOI ZOHEEN.
   594 | D:2      | 594 ||| STAIRDANCE
   611 | D:2      | Reached XP level 4. HP: 28/28 MP: 4/4
   612 | D:2      | 612 ||| Stepping ~*~*~tactically~*~*~ (hiding).
   639 | D:2      | 639 ||| READING scroll of enchant weapon.
   639 | D:2      | 639 ||| ENCHANTING +1 war axe.
   666 | D:2      | Noticed Terence
   678 | D:2      | Killed Terence
   679 | D:2      | Reached skill level 4 in Axes
   684 | D:2      | 684 ||| DROPPING +0 whip.
   825 | D:2      | 825 ||| Stepping ~*~*~tactically~*~*~ (stealth).
   871 | D:2      | Noticed Robin
   872 | D:2      | 872 ||| Stepping ~*~*~tactically~*~*~ (stealth).
   875 | D:2      | 875 ||| Stepping ~*~*~tactically~*~*~ (stealth).
   905 | D:2      | 905 ||| Stepping ~*~*~tactically~*~*~ (stealth).
   941 | D:2      | Reached XP level 5. HP: 32/32 MP: 5/5
   959 | D:2      | 959 ||| Stepping ~*~*~tactically~*~*~ (stealth).
   960 | D:2      | 960 ||| Stepping ~*~*~tactically~*~*~ (stealth).
   963 | D:2      | 963 ||| Stepping ~*~*~tactically~*~*~ (stealth).
   970 | D:2      | Killed Robin
  1006 | D:2      | 1006 ||| Stepping ~*~*~tactically~*~*~ (stealth).
  1025 | D:2      | 1025 ||| Stepping ~*~*~tactically~*~*~ (stealth).
  1028 | D:2      | 1028 ||| Stepping ~*~*~tactically~*~*~ (stealth).
  1287 | D:2      | 1287 ||| UPGRADING to +0 helmet.
  1292 | D:2      | 1292 ||| UPGRADING to +2 cloak.
  1297 | D:2      | 1297 ||| READING scroll labelled DEW AZUT ZOTHY.
  1298 | D:2      | 1298 ||| READING scroll labelled HOYHIRPHOFEF.
  1299 | D:2      | 1299 ||| DRINKING 2 emerald potions.
  1326 | D:3      | 1326 ||| Stepping ~*~*~tactically~*~*~ (hiding).
  1333 | D:3      | HP: 5/32 [orc priest/divine providence (10)]
  1338 | D:3      | Reached skill level 5 in Axes
  1341 | D:3      | HP: 2/32 [orc priest/nerve-wracking pain (6)]
  1341 | D:3      | Slain by an orc

Levels and vault maps discovered:
D:1:      amcnicky_arrival_single_pillar, layout_rooms,
          hellmonk_ecumenical_altar_run_dry, dreamdust_princess_corridor
D:2:      minmay_alternating_diamond, layout_basic, uniq_robin, uniq_terence
D:3:      layout_basic, serial_shops, nicolae_shop_tiny_statue_garden,
          minmay_misc_feat_columns, uniq_crazy_yiuf_cottage

Skill      XL: |  1  2  3  4  5 |
---------------+----------------+-----
Axes           | 2 3 4 5 |  5.1
Fighting       | |  3.2
Armour         | |  3.2
Shields        | |  3.2

Action                     |  1- 3 |  4- 6 || total
---------------------------+-------+-------++-------
  Melee: War axe           |   114 |   115 ||   229
    Use: Scroll            |     3 |     3 ||     6
         Potion            |       |     1 ||     1
 Armour: Scale mail        |    52 |    51 ||   103
  Dodge: Dodged            |    56 |    43 ||    99
  Block: Buckler           |    22 |    22 ||    44

Table legend:
 A = Non-vault XP
 B = Vault XP
 C = Vault XP percentage of total XP
 D = Non-vault monster count
 E = Vault monster count
 F = Vault count percentage of total count
                 A         B        C        D         E       F
            +---------+---------+-------+---------+---------+-------
      Total |     176 |      82 |  31.8 |      58 |      18 |  23.7
            +---------+---------+-------+---------+---------+-------
        D:1 |      65 |       0 |   0.0 |      35 |       0 |   0.0
        D:2 |      70 |      82 |  53.9 |      19 |      18 |  48.6
        D:3 |      41 |       0 |   0.0 |       4 |       0 |   0.0
            +---------+---------+-------+---------+---------+-------
